 Dungeon Crawl Stone Soup version 0.27-a0-1331-g60ef6b6952 (webtiles) character file.

Game seed: 13503925032387054365

6878 HAL9000 the Covert (level 11, 0/53 HPs)
             Began as a Vine Stalker Brigand on June 25, 2021.
             Was an Initiate of Dithmenos.
             Succumbed to a black mamba's poison
             ... on level 1 of the Lair of Beasts.
             The game lasted 00:22:02 (9740 turns).

HAL9000 the Covert (Vine Stalker Brigand)           Turns: 9740, Time: 00:22:02

Health: 0/53       AC: 10    Str: 17    XL:     11   Next: 6%
Magic:  4/12       EV: 11    Int: 12    God:    Dithmenos [......]
Gold:   200        SH:  5    Dex: 15    Spells: 2/10 levels left

rFire    . . .     SeeInvis .   l - +2 short sword (venom)
rCold    + . .     Faith    .   (no shield)
rNeg     + . .     Spirit   +   y - +3 leather armour {rC+}
rPois    .         Reflect  +   (no helmet)
rElec    .         Harm     .   v - scarf {shadows}
rCorr    .         Rampage  .   (no gloves)
Will     +....                  (no boots)
Stlth    ++++......             q - amulet of reflection
HPRegen  1.17/turn              k - +4 ring of protection
MPRegen  0.13/turn              D - ring of positive energy

@: brilliant, lethally poisoned (0 -> -3)
A: fangs 3, regeneration 1, magic shield, antimagic bite, no potion heal 2
a: Renounce Religion


You were on level 1 of the Lair of Beasts.
You worshipped Dithmenos.
Dithmenos was noncommittal.
You visited 3 branches of the dungeon, and saw 11 of its levels.

You collected 475 gold pieces.
You spent 275 gold pieces at shops.

Inventory:

Hand Weapons
 a - a +2 dagger
 b - the +6 dagger "Viylityky" {distort, +Blink rC+ Dex-2}
   (You found it on level 5 of the Dungeon)

   It warps and distorts space around it.
   Unwielding it can cause banishment or high damage.
   It affects your dexterity (-2).
   It protects you from cold.
   It lets you blink.
 l - a +2 short sword of venom (weapon)
Missiles
 d - 46 poisoned darts (quivered)
 e - 2 curare-tipped darts
 p - 19 boomerangs
Armour
 v - a scarf of shadows (worn)
 y - a +3 leather armour of cold resistance (worn)
 A - a +1 cloak of preservation
Jewellery
 c - an amulet of the acrobat
 k - a +4 ring of protection (left hand)
 q - an amulet of reflection (around neck)
 D - a ring of positive energy (right hand)
Wands
 w - a wand of flame (37)
Scrolls
 f - 2 scrolls of amnesia {unknown}
 g - 3 scrolls of fear
 m - 4 scrolls of teleportation
 o - a scroll of vulnerability {unknown}
 r - 2 scrolls of fog {unknown}
 s - 3 scrolls of noise {unknown}
 t - 2 scrolls of enchant weapon {unknown}
 C - 4 scrolls of identify
 E - a scroll of magic mapping {unknown}
 F - a scroll of summoning {unknown}
Potions
 i - 4 potions of flight
 j - 2 potions of haste
 n - 3 potions of resistance
 u - a potion of might
 x - 2 potions of cancellation
 B - a potion of ambrosia {unknown}


   Skills:
 - Level 4.0 Fighting
 - Level 10.0 Short Blades
 - Level 1.7 Throwing
 - Level 0.7 Dodging
 - Level 10.7 Stealth
 + Level 6.9 Conjurations
 - Level 6.3 Air Magic


You had 2 spell levels left.
You knew the following spells:

 Your Spells              Type           Power      Damage    Failure   Level
a - Mephitic Cloud        Conj/Pois/Air  15%        N/A       21%         3
b - Blink                 Tloc           N/A        N/A       52%         2
c - Swiftness             Air            22%        N/A       9%          3

Your spell library contained the following spells:

 Spells                   Type           Power      Damage    Failure   Level
 Magic Dart               Conj           100%       1d8       2%          1
 Shock                    Conj/Air       92%        1d8       2%          1
 Static Discharge         Conj/Air       23%        N/A       4%          2
 Corona                   Hex            0%         N/A       38%         1
 Call Imp                 Summ           0%         N/A       52%         2
 Ensorcelled Hibernation  Hex/Ice        0%         N/A       52%         2
 Slow                     Hex            0%         N/A       52%         2
 Conjure Flame            Conj/Fire      12%        6-21      30%         3
 Dazzling Flash           Conj/Hex       24%        N/A       30%         3
 Airstrike                Air            11%        N/A       30%         4
 Lightning Bolt           Conj/Air       11%        1d24      58%         5
 Confusing Touch          Hex            0%         N/A       77%         3
 Tukima's Dance           Hex            0%         N/A       77%         3


Dungeon Overview and Level Annotations

Branches:
Dungeon (9/15)             Temple (1/1) D:7            Lair (1/6) D:8
    Orc: D:9-12

Altars:
Ashenzari
Cheibriados
Dithmenos
Fedhas
Gozag
Hepliaklqana
Kikubaaqudgha
Makhleb
Nemelex Xobeh
Okawaru
Qazlal
Ru
Sif Muna
Trog
Uskayaw
Vehumet
Wu Jian
Xom
Yredelemnul
Zin
The Shining One

Shops:
D:1 [   D:7 !


Innate Abilities, Weirdness & Mutations

You have razor-sharp teeth.
Your natural rate of healing is unusually fast.
When hurt, damage is shared between your health and your magic reserves.
Your bite disrupts and absorbs the magic of your enemies.
Potions cannot restore your health.


Message History

The black mamba is lightly wounded.
You feel sick. The black mamba bites you.
You closely miss the black mamba. Your bite misses the black mamba.
The black mamba is lightly wounded.
You feel sick. The black mamba misses you.
You puncture the black mamba!
The black mamba is heavily wounded.
You feel sick. The black mamba bites you.
You hit the black mamba. You bite the black mamba. You drain its power.
You feel invigorated.
The black mamba is heavily wounded.
You feel sick. The black mamba bites you!
You are more poisoned.
The black mamba poisons you!
You hit the black mamba. You bite the black mamba! You drain its power.
You feel invigorated.
The black mamba is almost dead.
You feel very sick. The black mamba bites you!
* * * LOW HITPOINT WARNING * * *
You completely miss the black mamba. Your bite misses the black mamba.
The black mamba is almost dead.
You feel sick.
The black mamba bites you but does no damage.
You hit the black mamba.
You bite the black mamba, but do no damage.
The black mamba is almost dead.
You feel very sick. The black mamba bites you!
* * * LOW HITPOINT WARNING * * *
It was a potion of magic.
Magic courses through your body.
* * * LOW HITPOINT WARNING * * *
You feel very sick. The black mamba bites you!
* * * LOW HITPOINT WARNING * * *
The black mamba completely misses you.
Unknown command.
It was a potion of brilliance.
You feel clever all of a sudden.
You die...

#...(...#.#
#.⌠...⌠.#. .........
## #...⌠...# ..# .
###.....(.##.#
..###... #....#
........#####...#
....⌠..##...#S..#
.......#..'.@#...#
#+#..##...#......
#..####...##..#.#
####..# ##### ...##
.#.###.## ###.>...
........# #.....##
#........# #..####
.........# #...^.#
#........#####....##


You could see a black mamba.

Vanquished Creatures
  A cane toad (Lair:1)
  A gargoyle (D:8)
  A komodo dragon (D:8)
  Grinder (D:4)
  3 wyverns (D:8)
  Sigmund (D:3)
  2 fire bats (D:5)
  11 yaks (D:8)
  A basilisk (D:8)
  Edmund (D:4)
  3 water moccasins
  Duvessa (D:6)
  A sky beast (D:7)
  A swamp drake (D:8)
  3 ice beasts
  An orc warrior (D:7)
  2 black bears (D:5)
  3 ogres
  A centaur (D:7)
  4 bullfrogs
  3 scorpions
  A wyvern skeleton (D:6)
  A water moccasin skeleton (D:4)
  Dowan (D:6)
  3 howler monkeys
  A centaur zombie (D:7)
  4 hounds
  7 orc priests
  2 centaur skeletons
  A jelly (D:6)
  A bullfrog skeleton (D:4)
  Jessica (D:2)
  An iguana (D:6)
  3 orc wizards
  3 killer bee zombies
  A howler monkey zombie (D:7)
  10 gnolls
  6 adders
  A shadow imp (D:8)
  2 white imps
  A worm (D:4)
  A dart slug (D:4)
  32 orcs
  9 ball pythons
  3 bats
  4 endoplasms
  6 giant cockroaches
  5 goblins
  4 hobgoblins
  3 jackals
  5 quokkas
  2 frilled lizards
  6 kobolds
  A quokka skeleton (D:4)
  5 rats
183 creatures vanquished.

Notes
Turn   | Place    | Note
-------+----------+-------------------------------------------
     0 | D:1      | HAL9000 the Vine Stalker Brigand began the quest for the
                  | Orb.
     0 | D:1      | Reached XP level 1. HP: 11/11 MP: 2/2
    87 | D:1      | Found Wioqa's Antique Armour Shop.
   154 | D:1      | Reached XP level 2. HP: 14/15 MP: 1/3
   475 | D:1      | Found a faded altar of an unknown god.
   788 | D:1      | You fall into a shaft and drop 1 floor!
  1399 | D:2      | Reached XP level 3. HP: 18/18 MP: 4/4
  1490 | D:2      | Noticed Jessica
  1501 | D:2      | Killed Jessica
  1502 | D:2      | Gained mutation: Your natural rate of healing is unusually
                  | fast. [Vine Stalker growth]
  1502 | D:2      | Reached XP level 4. HP: 8/23 MP: 5/5
  2150 | D:3      | Reached XP level 5. HP: 25/26 MP: 6/6
  2221 | D:3      | Noticed Sigmund
  2234 | D:3      | Killed Sigmund
  2235 | D:3      | Reached skill level 5 in Short Blades
  2235 | D:3      | Reached XP level 6. HP: 25/30 MP: 4/7
  2784 | D:3      | Reached XP level 7. HP: 30/34 MP: 5/8
  3187 | D:4      | Noticed Edmund
  3207 | D:4      | Killed Edmund
  3816 | D:4      | Gained mutation: You have razor-sharp teeth. [Vine Stalker
                  | growth]
  3816 | D:4      | Reached XP level 8. HP: 38/38 MP: 7/9
  3885 | D:4      | Noticed Grinder
  3896 | D:4      | Killed Grinder
  4143 | D:5      | Entered Level 5 of the Dungeon
  4234 | D:5      | Found a transporter.
  4411 | D:5      | Found a transporter.
  5230 | D:5      | Reached skill level 10 in Short Blades
  5245 | D:6      | Reached skill level 5 in Stealth
  5308 | D:6      | Noticed Duvessa
  5308 | D:6      | Noticed Dowan
  5488 | D:6      | Reached XP level 9. HP: 43/43 MP: 10/10
  5692 | D:6      | Found a sacrificial altar of Ru.
  6055 | D:6      | Killed Dowan
  6058 | D:6      | Killed Duvessa
  6290 | D:1      | Bought a dyed leather armour for 110 gold pieces
  6290 | D:1      | Bought a glowing cloak for 165 gold pieces
  6929 | D:5      | Identified the +6 dagger "Viylityky" {distort, +Blink rC+
                  | Dex-2}
  7142 | D:7      | Reached skill level 10 in Stealth
  7461 | D:7      | Learned a level 3 spell: Mephitic Cloud
  7464 | D:7      | Learned a level 2 spell: Blink
  7468 | D:7      | Learned a level 3 spell: Swiftness
  7497 | D:7      | Reached skill level 1 in Air Magic
  7497 | D:7      | Reached XP level 10. HP: 49/49 MP: 11/11
  7514 | D:7      | Found Bevit's Distillery.
  7578 | D:7      | Found a staircase to the Ecumenical Temple.
  7595 | Temple   | Entered the Ecumenical Temple
  7913 | Temple   | Became a worshipper of Dithmenos the Shadowed
  8352 | D:8      | Noticed a gargoyle
  8597 | D:8      | Killed a gargoyle
  8756 | D:8      | Reached skill level 5 in Air Magic
  8812 | D:8      | Found a staircase to the Lair.
  9383 | D:8      | Reached skill level 5 in Conjurations
  9658 | Lair:1   | Entered Level 1 of the Lair of Beasts
  9663 | Lair:1   | Reached XP level 11. HP: 53/53 MP: 12/12
  9739 | Lair:1   | HP: 2/53 [poisoned by a black mamba]
  9740 | Lair:1   | Succumbed to a black mamba's poison

Illustrated notes

Levels and vault maps discovered:
D:1:      onia_arrival_mini_spirals, layout_loops_corners,
          shapermc_ecumenical_altar_mp_ritualfount, serial_shops, shop_statue,
          minmay_misc_feat_diagonals, minmay_distorted
D:2:      layout_basic, uniq_jessica
D:3:      layout_loops_ring, uniq_sigmund
D:4:      layout_loops_ring, kennysheep_big_empty_room, hangedman_decor_growths,
          minmay_circle_x, uniq_grinder, uniq_edmund
D:5:      gammafunk_cloud_chamber, layout_basic
D:6:      layout_basic, kennysheep_flooded_box, uniq_duvessa
D:7:      layout_loops_ring, minmay_temple_entry_proselytizer, serial_shops,
          nicolae_shop_stone, minmay_hedge_maze
D:8:      layout_basic, erik_lair_dragon, nicolae_ossuary_entry_false_entrances,
          chequers_serial_rivers_micro_a
D:9:      layout_irregular_city, nicolae_elyvilon_peaceful_grove,
          nicolae_take_the_stairs, palyth_stone_intersect, uniq_grum
Temple:   nicolae_temple_the_god_donut
Lair:1:   layout_roguey, patterned_corridor, grunt_megastairs_4

Skill      XL: |  1  2  3  4  5  6  7  8  9 10 |
---------------+-------------------------------+-----
Short Blades   | 2 3 4 5 6 8 10 | 10.0
Fighting       | 2 4 |  4.0
Stealth        | 5 10 | 10.7
Air Magic      | 1 6 |  6.3
Conjurations   | 6 |  6.9
Throwing       | |  1.7
Dodging        | |  0.7

Action                   |  1- 3 |  4- 6 |  7- 9 | 10-12 || total
-------------------------+-------+-------+-------+-------++-------
Melee: Dagger            |    17 |       |       |       ||    17
       Bite              |    13 |    24 |   105 |    55 ||   197
       Short sword       |    33 |    76 |   319 |   135 ||   563
Throw: Dart              |       |     4 |    12 |     3 ||    19
Evoke: Wand              |       |       |       |     3 ||     3
  Use: Scroll            |       |       |     7 |       ||     7
       Potion            |       |       |     1 |     2 ||     3
 Stab: Sleeping          |     7 |     8 |    16 |    11 ||    42
       Distracted        |       |       |     3 |       ||     3
Armor: Robe              |    11 |     6 |    37 |       ||    54
       Leather armour    |       |       |    19 |    13 ||    32
Dodge: Dodged            |    19 |    36 |   110 |    28 ||   193
Block: Other             |       |       |    46 |    11 ||    57
       Reflection        |       |       |     2 |     1 ||     3

Table legend: (Time is in decaauts)
 A = Elapsed time spent in this place.
 B = Non-inter-level travel time spent in this place.
 C = Inter-level travel time spent in this place.
 D = Time resting spent in this place.
 E = Time spent auto-exploring this place.
 F = Levels seen in this place.
 G = Mean time per level.
                   A        B        C        D        E       F      G
               +--------+--------+--------+--------+--------+-----+--------+
         Total |   9569 |   8649 |    920 |    980 |   6244 |  11 |  869.9 |
       Dungeon |   9151 |   8262 |    889 |    980 |   5892 |   9 | 1016.8 |
        Temple |    341 |    310 |     31 |      0 |    309 |   1 |  341.0 |
          Lair |     75 |     75 |      0 |      0 |     43 |   1 |   75.0 |
               +--------+--------+--------+--------+--------+-----+--------+

Top non-repeatable levels by time:
     D:5: 1371 daAuts
     D:8: 1354 daAuts
     D:4: 1294 daAuts
     D:1: 1207 daAuts
     D:2: 1189 daAuts
     D:3: 946 daAuts
     D:7: 897 daAuts
     D:6: 885 daAuts
  Temple: 341 daAuts
  Lair:1: 75 daAuts
     D:9: 4 daAuts
